 Dungeon Crawl Stone Soup version 0.28.0 (webtiles) character file.

Game seed: 7574056427720212208

37450 SnakkuSnakku7 the Destroyer (level 13, -14/78 HPs)
             Began as a Tengu Earth Elementalist on Feb 10, 2022.
             Was a High Priest of Sif Muna.
             Killed from afar by an oklob plant (24 damage)
             ... with a splash of acid
             ... while paralysed by a floating eye
             ... on level 3 of the Lair of Beasts.
             The game lasted 00:40:54 (19607 turns).

SnakkuSnakku7 the Destroyer (TeEE)                 Turns: 19607, Time: 00:40:54

Health: -14/78     AC:  7    Str:  8    XL:     13   Next: 96%
Magic:  32/35      EV:  2    Int: 24    God:    Sif Muna [*****.]
Gold:   822        SH:  0    Dex: 19    Spells: 17/28 levels left

rFire   . . .      SeeInvis .   t - +10 mace of Due Proportion {vorpal, *Corrode Int+4 Dex+3}
rCold   + . .      Faith    .   b - +0 buckler
rNeg    . . .      Spirit   .   K - +1 steam dragon scales
rPois   +          Reflect  +   f - +1 hat
rElec   .          Harm     .   d - +2 cloak {rPois}
rCorr   .          Rampage  .   j - +0 pair of gloves
Will    .....                   (boots unavailable)
Stlth   ++........              k - amulet of reflection
HPRegen 0.23/turn               o - ring of protection from cold
MPRegen 0.24/turn               D - ring of magical power

@: paralysed, corroded, flying quickly and evasively, quick
A: beak, talons 3, nimble flight
a: Renounce Religion, Channel Magic, Forget Spell, Divine Exegesis


You were on level 3 of the Lair of Beasts.
You worshipped Sif Muna.
Sif Muna was extremely pleased with you.
You visited 3 branches of the dungeon, and saw 15 of its levels.
You also visited: Sewer and Ossuary.

You collected 942 gold pieces.
You spent 120 gold pieces at shops.

Inventory:

Hand Weapons
 t - the +10 mace of Due Proportion (weapon) {vorpal, *Corrode Int+4 Dex+3}
   (You found it on level 3 of the Dungeon)

   It inflicts extra damage upon your enemies.
   Int:       It affects your intelligence (+4).
   Dex:       It affects your dexterity (+3).
   *Corrode:  It may corrode you when you take damage.
Missiles
 v - 6 curare-tipped darts
Armour
 b - a +0 buckler (worn)
 d - a +2 cloak of poison resistance (worn)
 f - a +1 hat (worn)
 j - a +0 pair of gloves (worn)
 K - +1 steam dragon scales (worn)
Magical Staves
 B - a staff of fire
Jewellery
 h - a ring of positive energy
 k - an amulet of reflection (around neck)
 o - a ring of protection from cold (left hand)
 D - a ring of magical power (right hand)
 F - a ring of poison resistance
 L - a ring of protection from fire
Wands
 c - a wand of mindburst (14)
 g - a wand of polymorph (5)
 m - a wand of acid (4)
 u - a wand of flame (9)
 C - a wand of digging (9)
Scrolls
 i - 2 scrolls of amnesia
 l - a scroll of acquirement {unknown}
 n - 6 scrolls of fog
 w - a scroll of summoning {unknown}
 y - 9 scrolls of teleportation
 G - a scroll of blinking
 J - a scroll of immolation
Potions
 a - 2 potions of might
 e - 4 potions of attraction {unknown}
 q - 2 potions of brilliance
 r - 2 potions of mutation
 s - 2 potions of lignification {unknown}
 x - 3 potions of cancellation
 z - 3 potions of haste
 A - 8 potions of curing
 E - 2 potions of ambrosia
 H - 2 potions of invisibility
 I - 3 potions of heal wounds {unknown}
Miscellaneous
 p - a phial of floods


   Skills:
 - Level 8.0 Fighting
 - Level 4.7 Dodging
 - Level 2.0 Stealth
 - Level 5.0 Shields
 - Level 8.0 Spellcasting
 - Level 11.8 Conjurations
 - Level 10.0 Necromancy
 - Level 0.7 Transmutations
 - Level 10.9 Air Magic
 + Level 4.2 Earth Magic
 - Level 8.0 Poison Magic
 - Level 8.0 Invocations


You had 17 spell levels left.
You knew the following spells:

 Your Spells              Type           Power      Damage    Failure   Level
a - Stone Arrow           Conj/Erth      96%        3d13      1%          3
b - Sandblast             Erth           60%        2d14      1%          1
c - Poisonous Vapours     Pois/Air       100%       N/A       1%          2
d - Borgnjor's Vile Clut  Necr/Erth      21%        N/A       12%         5

Your spell library contained the following spells:

 Spells                   Type           Power      Damage    Failure   Level
 Corpse Rot               Necr/Air       100%       N/A       1%          2
 Animate Dead             Necr           27%        N/A       1%          4
 Passwall                 Tmut/Erth      17%        N/A       4%          2
 Spider Form              Tmut/Pois      30%        N/A       4%          3
 Anguish                  Hex/Necr       16%        N/A       11%         4
 Ensorcelled Hibernation  Hex/Ice        18%        N/A       12%         2
 Death Channel            Necr           27%        N/A       21%         6
 Tukima's Dance           Hex            9%         N/A       24%         3
 Petrify                  Tmut/Erth      21%        N/A       28%         4
 Enfeeble                 Hex            4%         N/A       100%        7


Dungeon Overview and Level Annotations

Branches:
Dungeon (11/15)            Temple (1/1) D:6            Lair (3/6) D:9
    Orc (0/2) D:10          Sewer (visited)         Ossuary (visited)
  Swamp: Lair:2-4    Shoals: Lair:2-4     Snake: Lair:2-4    Spider: Lair:2-4

Altars:
Ashenzari
Cheibriados
Dithmenos
Elyvilon
Fedhas
Gozag
Hepliaklqana
Kikubaaqudgha
Makhleb
Nemelex Xobeh
Okawaru
Qazlal
Ru
Sif Muna
Trog
Uskayaw
Vehumet
Wu Jian
Xom
Yredelemnul
Zin
The Shining One

Shops:
D:2 :   D:6 :

Annotations:
D:10 1 runed translucent door
Lair:3 exclusion: 3 oklob plants


Innate Abilities, Weirdness & Mutations

You have a beak for a mouth.
You have claws for feet.
Your magical nature lets you fly swiftly and evasively.


Message History

Sif Muna accepts your kill.
Unknown command.
L - a ring of protection from fire You're wearing all the rings you can.
Remove which one? (? for menu, Esc to cancel) < or
o - a ring of protection from cold; > or
h - a ring of positive energy You remove your ring of positive energy.
You feel your magic capacity increase.
D - a ring of magical power (right hand) You're wearing all the rings you can.
Remove which one? (? for menu, Esc to cancel) < or
o - a ring of protection from cold; > or
D - a ring of magical power
Okay, then.
n - 6 scrolls of fog (gained 1)
Found an escape hatch in the floor. 2 oklob plants come into view.
Found an emerald potion.
Marking area around 2 oklob plants as unsafe for travelling.
Unknown command.
Found 15 stones.
A floating eye comes into view.
Found a chain mail and 20 gold pieces.
The oklob plant spits acid at you. The splash of acid hits you!!
The acid corrodes you!
An oklob plant comes into view.
The oklob plant spits acid at you. The splash of acid hits you!
The acid corrodes you! The floating eye seems to glare at you.
Marking area around an oklob plant as unsafe for travelling.
Unknown command.
Unknown command.
Unknown command.
The oklob plant spits acid at you. The splash of acid hits you!!
* * * LOW HITPOINT WARNING * * *
The floating eye gazes piercingly through you!
You suddenly lose the ability to move!
The oklob plant spits acid at you. The splash of acid hits you!!
You die...

..#...#......#.....# (.
###...#..#.......... .##.
###...#.................#
##.......#.......### ...#
##....#..##......####...##
###...#..##......P##P..#.#
........PP........##...P.###
.................#..........
.##......##.....@#..........
.##..#....#.................
##....#..##.................
###..P#..##...........P.....
##P...#..#P...........PPPPP.
.........##.........PPP>PPP.
###..##..##.........PG.P..PP
.##..##..##.........PP[.$PP.
###..#...##...........P.PP.


You could see an oklob plant and a floating eye.

Vanquished Creatures
  Gastronok (D:9)
  2 hydras (Lair:2)
  A boulder beetle (D:11)
  2 two-headed ogres
  9 death yaks
  Pikel (D:5)
  2 cyclopes
  3 manticores
  4 ugly things (D:7)
  A wolf spider (D:10)
  An oklob plant (Lair:2)
  4 black mambas
  5 cane toads
  A gargoyle (D:11)
  Psyche (D:9)
  An unseen horror (D:11)
  A kobold demonologist (D:7)
  6 komodo dragons
  The ghost of Clumpoid the Ducker, an amateur GnGl (D:4)
  7 blink frogs (Lair:3)
  2 hornets
  A slime creature (D:7)
  2 trolls (D:11)
  A meliai zombie (D:11)
  A shadow (D:9)
  4 wyverns
  2 vampires
  24 yaks
  Grum (D:8)
  4 steam dragons
  8 water moccasins
  A hornet zombie (D:8)
  Pargi (Sewer)
  3 ice beasts
  3 orc warriors
  2 sky beasts (D:7)
  3 black bears
  7 wolves
  2 ogres
  A centaur (D:8)
  4 lemures
  3 elf zombies (Ossuary)
  2 kobold brigands
  11 bullfrogs
  2 scorpions
  A gnoll sergeant (D:7)
  A wyvern skeleton (D:6)
  A water moccasin zombie (D:6)
  A hornet simulacrum (D:7)
  8 killer bees
  A water moccasin skeleton (D:7)
  17 wights
  2 howler monkeys
  An electric eel (Lair:2)
  A crimson imp (D:8)
  15 centaur zombies
  A human zombie (Ossuary)
  3 bullfrog zombies
  2 hounds (D:6)
  Crazy Yiuf (D:2)
  4 orc priests
  10 jellies
  2 bullfrog skeletons
  4 iguanas
  12 orc wizards
  A scorpion zombie (D:5)
  A hound zombie (Ossuary)
  3 mummies (Ossuary)
  2 howler monkey zombies
  2 gnolls
  5 adders
  A howler monkey skeleton (D:4)
  A river rat (D:4)
  2 shadow imps
  2 white imps
  An adder skeleton (D:5)
  2 adder zombies (Ossuary)
  7 worms
  A dart slug (D:2)
  24 orcs
  7 ball pythons
  15 endoplasms
  6 giant cockroaches
  3 goblins
  6 hobgoblins
  3 jackals (D:2)
  14 kobolds
  6 quokkas
  7 bats
  2 frilled lizards
  2 gnoll zombies (Ossuary)
  3 goblin zombies (Ossuary)
  4 hobgoblin zombies (Ossuary)
  4 jackal zombies (Ossuary)
  5 kobold zombies (Ossuary)
  2 orc zombies (Ossuary)
  3 quokka zombies (Ossuary)
  4 rats
  2 rat zombies (Ossuary)
390 creatures vanquished.

Vanquished Creatures (others)
  An orc (D:7)
  17 fungi
  24 plants
42 creatures vanquished.

Grand Total: 432 creatures vanquished

Notes
Turn   | Place    | Note
-------+----------+-------------------------------------------
     0 | D:1      | SnakkuSnakku7 the Tengu Earth Elementalist began the quest
                  | for the Orb.
     0 | D:1      | Reached XP level 1. HP: 10/10 MP: 4/4
   171 | D:1      | Reached XP level 2. HP: 15/15 MP: 6/6
   462 | D:1      | Found a faded altar of an unknown god.
   477 | D:1      | Reached XP level 3. HP: 19/19 MP: 7/7
   620 | D:1      | Learned a level 3 spell: Stone Arrow
   672 | D:2      | Reached skill level 1 in Conjurations
  1117 | D:2      | Found Tienaet's Book Emporium.
  1126 | D:2      | Reached skill level 2 in Conjurations
  1225 | D:2      | Found a runed translucent door.
  1226 | D:2      | Noticed Crazy Yiuf
  1450 | D:2      | Reached skill level 3 in Conjurations
  1450 | D:2      | Reached XP level 4. HP: 24/24 MP: 5/8
  1463 | D:2      | Reached skill level 4 in Conjurations
  1541 | D:2      | Gained mutation: Your magical nature lets you fly swiftly
                  | and evasively. [Tengu growth]
  1541 | D:2      | Reached XP level 5. HP: 28/28 MP: 9/9
  1933 | D:3      | Found an iron altar of Okawaru.
  2411 | D:3      | Identified the +10 mace of Due Proportion {vorpal, *Corrode
                  | Int+4 Dex+3}
  2628 | D:3      | Found a broken altar of Ashenzari.
  2911 | D:4      | Reached skill level 5 in Conjurations
  2969 | D:4      | Found a glowing drain.
  2973 | Sewer    | Entered a sewer
  3006 | Sewer    | Reached skill level 6 in Conjurations
  3028 | Sewer    | Noticed Pargi
  3049 | Sewer    | Killed Pargi
  3050 | Sewer    | Reached skill level 7 in Conjurations
  3050 | Sewer    | Reached XP level 6. HP: 10/32 MP: 4/10
  3501 | D:4      | Identified the +3 flail "Qimiff" {flame, rF- Str+3 Int+2
                  | Dex+3}
  3524 | D:4      | Found a transporter.
  3545 | D:4      | Found a transporter.
  3590 | D:2      | Bought a book of Vapours for 120 gold pieces
  3593 | D:2      | Learned a level 2 spell: Poisonous Vapours
  3714 | D:4      | Noticed Clumpoid's ghost (amateur GnGl)
  3986 | D:5      | Entered Level 5 of the Dungeon
  3992 | D:5      | Reached skill level 1 in Poison Magic
  4084 | D:5      | Reached XP level 7. HP: 36/36 MP: 7/11
  4197 | D:5      | Found a sparkling altar of Nemelex Xobeh.
  4697 | D:5      | Noticed Pikel
  4961 | D:6      | Reached skill level 5 in Air Magic
  4961 | D:6      | Reached XP level 8. HP: 36/41 MP: 8/12
  5078 | D:6      | Noticed a wyvern
  5087 | D:6      | Killed a wyvern
  5271 | D:6      | Reached skill level 5 in Poison Magic
  5630 | D:6      | Found a staircase to the Ecumenical Temple.
  5636 | Temple   | Entered the Ecumenical Temple
  5741 | Temple   | Became a worshipper of Sif Muna the Loreminder
  5786 | D:6      | Found Xemiuto's Book Shop.
  6417 | D:7      | Reached XP level 9. HP: 45/45 MP: 6/13
  6472 | D:7      | Found a sand-covered staircase.
  6477 | Ossuary  | Entered an ossuary
  6716 | Ossuary  | Reached * piety under Sif Muna
  7035 | D:7      | Found a snail-covered altar of Cheibriados.
  7037 | D:7      | Found a basalt altar of Yredelemnul.
  7038 | D:7      | Found a hazy altar of Hepliaklqana.
  7196 | D:7      | Reached skill level 10 in Air Magic
  7647 | D:7      | Reached ** piety under Sif Muna
  7861 | D:7      | Reached skill level 8 in Conjurations
  8099 | D:7      | Reached XP level 10. HP: 39/50 MP: 14/14
  8108 | D:7      | Noticed a white ugly thing
  8111 | D:7      | Noticed a purple ugly thing
  8152 | D:7      | Killed a white ugly thing
  8153 | D:7      | Reached skill level 9 in Conjurations
  8168 | D:7      | Reached skill level 10 in Conjurations
  8421 | D:7      | Noticed a kobold demonologist
  8433 | D:7      | Noticed a cyclops
  8450 | D:7      | Reached skill level 11 in Conjurations
  8505 | D:7      | Killed a purple ugly thing
  8801 | D:7      | Killed a kobold demonologist
  8973 | D:7      | Noticed a cyclops
  8987 | D:7      | Noticed a green ugly thing
  9005 | D:7      | Killed a cyclops
  9103 | D:7      | Killed a green ugly thing
  9104 | D:7      | Reached skill level 5 in Spellcasting
  9397 | D:7      | Noticed a manticore
  9397 | D:7      | Noticed a brown ugly thing
  9596 | D:7      | Identified the +0 ring mail "Xotilu" {rPois Int+2 SInv}
  9771 | D:8      | Paralysed by a hornet for 1 turns
  9772 | D:8      | Reached XP level 11. HP: 13/54 MP: 13/21
 10263 | D:8      | Noticed a two-headed ogre
 10275 | D:8      | Noticed Grum
 10299 | D:8      | Killed a two-headed ogre
 10318 | D:8      | Killed Grum
 10535 | D:8      | Found a shadowy altar of Dithmenos.
 10563 | D:8      | Reached skill level 1 in Fighting
 10733 | D:8      | Reached *** piety under Sif Muna
 10967 | D:8      | Found an ancient bone altar of Kikubaaqudgha.
 11024 | D:8      | Found a radiant altar of Vehumet.
 11026 | D:8      | Found a burning altar of Makhleb.
 11656 | D:9      | Found a staircase to the Lair.
 12023 | D:9      | Noticed Gastronok
 12107 | D:9      | Killed Gastronok
 12239 | D:9      | Noticed Psyche
 12257 | D:9      | Killed Psyche
 12260 | D:9      | Reached **** piety under Sif Muna
 12657 | D:5      | Killed Pikel
 12829 | D:2      | Killed Crazy Yiuf
 13003 | D:4      | Killed Clumpoid's ghost
 13193 | D:7      | Killed a manticore
 13225 | D:7      | Killed a brown ugly thing
 13226 | D:7      | Reached XP level 12. HP: 42/73 MP: 17/25
 13514 | D:10     | Entered Level 10 of the Dungeon
 13543 | D:10     | Reached skill level 1 in Shields
 13548 | D:10     | Found a staircase to the Orcish Mines.
 13858 | D:10     | Found an opulent altar of Gozag.
 13922 | D:10     | Noticed a centaur warrior
 13923 | D:10     | Noticed a four-headed hydra
 13982 | D:10     | Noticed a two-headed ogre
 14110 | D:10     | Killed a two-headed ogre
 14203 | D:10     | Found a runed translucent door.
 14238 | D:10     | Reached skill level 5 in Shields
 14240 | D:10     | Identified the +9 trident "Huag" {antimagic, Str-5 Int+3
                  | Dex+7}
 14498 | D:11     | Reached skill level 1 in Invocations
 14614 | D:11     | Found a basalt altar of Yredelemnul.
 14823 | D:11     | Reached skill level 5 in Invocations
 15026 | D:10     | Noticed a rakshasa
 15320 | D:11     | Noticed a boulder beetle
 15332 | D:11     | Killed a boulder beetle
 15876 | Lair:1   | Entered Level 1 of the Lair of Beasts
 15952 | Lair:1   | Reached XP level 13. HP: 49/78 MP: 3/26
 16547 | Lair:1   | Reached skill level 1 in Necromancy
 16588 | Lair:1   | Learned a level 5 spell: Borgnjor's Vile Clutch
 17255 | Lair:2   | Reached ***** piety under Sif Muna
 17605 | Lair:2   | Reached skill level 5 in Necromancy
 17641 | Lair:2   | Found an opulent altar of Gozag.
 18255 | Lair:2   | Received a gift from Sif Muna
 19145 | Lair:3   | Identified the +3 quarterstaff of the Magi {venom, Dex+5}
 19310 | Lair:3   | Reached skill level 10 in Necromancy
 19607 | Lair:3   | Paralysed by a floating eye for 4 turns
 19607 | Lair:3   | Killed from afar by an oklob plant

Illustrated notes

Levels and vault maps discovered:
D:1:      tarquinn_simple_flora_water_b, layout_loops_ring,
          shapermc_ecumenical_altar_totnotflames, minmay_statues_item
D:2:      layout_basic, serial_shops, shop, nicolae_wormholes,
          uniq_crazy_yiuf_cottage
D:3:      layout_basic, grunt_temple_overflow_open
D:4:      layout_basic, gup_sewer_entry_spiral, gammafunk_ghost_mausoleum
D:5:      layout_rooms, mainiacjoe_overflow_alcove_1, uniq_pikel
D:6:      minmay_evil_eye, layout_basic, temple_green, serial_shops,
          nicolae_lakefront_shop, serial_park_tiny_pond
D:7:      nzn_winding_woodlands_large [nzn_winding_woodlands_5x5_closed_star,
          nzn_winding_woodlands_5x15_garden, nzn_winding_woodlands_hourglass,
          nzn_winding_woodlands_center_lodge,
          nzn_winding_woodlands_15x15_thick_spiral,
          nzn_winding_woodlands_center_garden, nzn_winding_woodlands_5x5_three,
          nzn_winding_woodlands_5x15_pathside_ponds,
          nzn_winding_woodlands_5x5_checkerboard], layout_basic,
          gammafunk_temple_overflow_forgotten, enter_ossuary_5
D:8:      layout_cave_pools, grunt_temple_overflow_lords_of_destruction,
          grunt_dithmenos_smoke, mainiacjoe_overflow_alcove_4, uniq_grum
D:9:      layout_loops_cross, lair_entry_dummy, uniq_gastronok, uniq_psyche
D:10:     minmay_the_grid_triangle_9x9_recursive_2
          [minmay_the_grid_triangle_9x9_prize_center,
          minmay_the_grid_triangle_9x9_subtriangle,
          minmay_the_grid_triangle_9x9_zippers_horizontal,
          minmay_the_grid_triangle_9x9_odd_lines], layout_rooms,
          mainiacjoe_overflow_chevrons
D:11:     layout_basic, nicolae_yredelemnul_corpse_copse
Temple:   jpeg_temple_clearing
Lair:1:   layout_cave_pods, beast_lair_carwin_1
Lair:2:   lemuel_slime, layout_hall_layers, basic_altar, serial_bayou_shore_b,
          infiniplex_staircase_pool
Lair:3:   layout_long_grid, minmay_shoals_entry_lonely_mermaid,
          chequers_serial_rivers_large_b, disabler_island, grunt_megastairs_4

Skill      XL: |  1  2  3  4  5  6  7  8  9 10 11 12 13 |
---------------+----------------------------------------+-----
Earth Magic    | 3 4 |  4.2
Conjurations   | 3 4 7 8 11 | 11.8
Air Magic      | 2 5 8 10 | 10.9
Poison Magic   | 1 3 6 8 |  8.0
Spellcasting   | 6 8 |  8.0
Fighting       | 8 |  8.0
Shields        | 5 |  5.0
Invocations    | 8 |  8.0
Dodging        | 4 |  4.7
Necromancy     | 10 | 10.0
Stealth        | |  2.0
Transmutations | |  0.7

Action                   |  1- 3 |  4- 6 |  7- 9 | 10-12 | 13-15 || total
-------------------------+-------+-------+-------+-------+-------++-------
Melee: Dagger            |     7 |       |       |       |       ||     7
       Peck              |     8 |     3 |    31 |    62 |    30 ||   134
       Short sword       |     3 |       |       |       |       ||     3
       Kick              |    16 |    22 |    59 |   104 |    49 ||   250
       Spear             |    66 |    35 |       |       |       ||   101
       Punch             |     1 |       |     3 |       |       ||     4
       Mace              |       |    34 |   193 |   245 |   136 ||   608
 Cast: Sandblast         |    12 |    24 |     4 |       |       ||    40
       Poisonous Vapours |       |       |    78 |   147 |    83 ||   308
       Stone Arrow       |       |       |    19 |    85 |    68 ||   172
  Use: Scroll            |       |     3 |       |    18 |     1 ||    22
       Potion            |       |       |       |     2 |       ||     2
 Stab: Sleeping          |     6 |    11 |     3 |     2 |       ||    22
       Distracted        |       |       |       |     1 |       ||     1
Armor: Robe              |    12 |     8 |    29 |       |       ||    49
       Steam dragon scal |       |       |     3 |   135 |    34 ||   172
Dodge: Dodged            |    37 |    33 |   144 |   243 |   126 ||   583
Block: Other             |     3 |    11 |    47 |       |       ||    61
       Reflection        |       |       |     2 |     1 |       ||     3
       Buckler           |       |       |     4 |   238 |   112 ||   354
